cohdb
Replays
Latest Replays
All Replays
Popular Replays
Top Player Replays
Match Explorer
How It Works
Community
CoH3 Stats
Reddit
Sign in to upload your games and track your stats! →
Sign in with Steam
Match 43098987
Unlisted
Match 43098987
Overview
Messages
Build Orders
End
Construct Section Command Post
Royal Engineer Section
Dingo Light Scout Car
Infantry Section
Construct Field Infirmary
Infantry Section
Construct Platoon Command Post
Royal Engineer Section
Selects Indian Artillery Battlegroup
Selects Valour
6-pounder Anti-tank Gun Team
Grenade Package
Unlock M3 Stuart Light Tanks
Selects Gurkha Rifles Section
M3 Stuart Light Tank
M3 Stuart Light Tank
Gurkha Rifles Section
Construct Company Command Post
Infantry Training
Royal Engineer Section
Crusader II Medium Tank
Crusader II Medium Tank
Camaneor
常山造纸龙
FriedJared
快速魔头号
Doomster
Not vincentbui
simranjitsingh713
CHINA津门虎
0
0
Comments
sign in to comment!
No comments posted yet!